 Dungeon Crawl Stone Soup version 0.25-a0-566-g062765be81 (webtiles) character file.

Game seed: 15101897189451658683, levelgen mode: deterministic

126993 Flugslaktarn the Severer (level 16, -3/152 HPs)
             Began as a Deep Dwarf Fighter on Feb 28, 2020.
             Was the Champion of Makhleb.
             Killed from afar by Nikola (18 damage)
             ... with a chain lightning
             ... on level 2 of the Shoals.
             The game lasted 00:12:36 (16966 turns).

Flugslaktarn the Severer (Deep Dwarf Fighter)      Turns: 16966, Time: 00:12:37

Health: -3/152     AC: 28    Str: 35    XL:     16   Next: 15%
Magic:  8/8        EV: 11    Int: 10    God:    Makhleb [******]
Gold:   690        SH: 20    Dex: 14    Spells: 15/15 levels left

rFire    . . .     SeeInvis .   a - +1 war axe (drain)
rCold    . . .     Gourm    .   l - +3 kite shield
rNeg     + . .     Faith    .   A - +8 chain mail "Yrejelah" {MR+ rCorr Dex+2}
rPois    +         Spirit   .   (no helmet)
rElec    .         Reflect  +   c - +1 cloak {rPois}
rCorr    +         Harm     .   s - +0 pair of gloves of Setz {Str+4} (curse)
MR       +++..                  (no boots)
Stlth    ..........             H - +2 amulet of reflection
HPRegen  0.00/turn              v - +2 ring of evasion
MPRegen  0.11/turn              R - +5 ring of strength

@: non-regenerating, very slow
A: damage resistance, heal wounds, slimy green scales 2, camouflage 1, low mp 1,
negative energy resistance 1, sense surroundings 2, no regeneration
}: 1/15 runes: serpentine
a: Heal Wounds, Minor Destruction, Lesser Servant of Makhleb, Major Destruction,
Greater Servant of Makhleb, Renounce Religion


You were on level 2 of the Shoals.
You worshipped Makhleb.
Makhleb was exalted by your worship.
You were not hungry.

You visited 5 branches of the dungeon, and saw 24 of its levels.

You collected 1349 gold pieces.
You spent 659 gold pieces at shops.

Inventory:

Hand Weapons
 a - a +1 war axe of draining (weapon)
 b - a +1 hand axe of flaming
   (You took it off a big kobold on level 9 of the Dungeon)
 N - a +0 broad axe
   (You found it on level 3 of the Lair of Beasts)
Missiles
 z - 8 throwing nets (quivered)
Armour
 c - a +1 cloak of poison resistance (worn)
   (You found it on level 1 of the Lair of Beasts)
 l - a +3 kite shield (worn)
   (You found it on level 5 of the Dungeon)
 p - the +10 chain mail "Awyorph" {rPois Regen+ Str-3 Int+2}
   (You found it on level 4 of the Dungeon)

   It affects your strength (-3).
   It affects your intelligence (+2).
   It protects you from poison.
   It increases your rate of regeneration.
   If you switch to wearing this armour, your AC will increase by 2 (28 -> 30).
 s - the cursed +0 pair of gloves of Setz (worn) {Str+4}
   (You found it on level 4 of the Lair of Beasts)

   It affects your strength (+4).
   If you remove this armour, your AC will decrease by 2 (28 -> 26).
   It has a curse placed upon it.
 A - the +8 chain mail "Yrejelah" (worn) {MR+ rCorr Dex+2}
   (You found it on level 6 of the Dungeon)

   It affects your dexterity (+2).
   It affects your resistance to hostile enchantments.
   It provides partial protection from all sources of acid and corrosion.
   If you remove this armour, your AC will decrease by 21 (28 -> 7).
 D - a +2 cloak
   (You found it on level 4 of the Lair of Beasts)
 F - a +1 cloak of invisibility
   (You took it off Maurice on level 10 of the Dungeon)
Jewellery
 f - an uncursed ring of protection from fire
   (You found it on level 5 of the Dungeon)
 k - an uncursed ring of resist corrosion
   (You found it on level 4 of the Dungeon)
 o - an uncursed ring of poison resistance
   (You found it on level 7 of the Dungeon)
 v - a +2 ring of evasion (left hand)
   (You found it on level 11 of the Dungeon)
 H - a +2 amulet of reflection (around neck)
   (You found it on level 5 of the Lair of Beasts)
 R - a +5 ring of strength (right hand)
   (You bought it in a shop on level 3 of the Snake Pit)
Wands
 n - a wand of acid (20)
   (You found it on level 5 of the Dungeon)
 E - a wand of scattershot (16)
   (You found it on level 8 of the Dungeon)
 G - a wand of iceblast (24)
   (You found it on level 8 of the Dungeon)
 I - a wand of clouds (6)
   (You found it on level 1 of the Snake Pit)
 L - a wand of digging (8)
   (You took it off Maurice on level 10 of the Dungeon)
Scrolls
 r - 3 scrolls of identify
 t - 7 scrolls of teleportation
 u - 6 scrolls of remove curse
 y - a scroll of fog
 B - 3 scrolls of enchant armour
 K - 3 scrolls of enchant weapon
 O - 2 scrolls of magic mapping
 Q - 2 scrolls of fear
Potions
 d - 4 potions of might
 g - 5 potions of flight
 h - 3 potions of ambrosia
 i - 6 potions of brilliance
 j - 7 potions of stabbing
 m - 3 potions of cancellation
 q - 4 potions of curing
 w - a potion of heal wounds
 x - 3 potions of invisibility
 C - a potion of magic
 J - 4 potions of mutation
 M - 4 potions of berserk rage
Comestibles
 e - 28 rations
 P - 2 chunks of flesh


   Skills:
 + Level 11.8 Fighting
 - Level 18.0 Axes
 + Level 13.7 Armour
 + Level 13.7 Shields
 + Level 12.1 Invocations
 - Level 6.0 Evocations


You had 15 spell levels left.
You didn't know any spells.
Your spell library was empty.

Dungeon Overview and Level Annotations

Branches:
Dungeon (11/15)            Temple (1/1) D:7            Lair (6/6) D:11
 Shoals (2/4) Lair:2        Snake (4/4) Lair:3        Slime (0/5) Lair:5
    Orc: D:9-12

Altars:
Ashenzari
Cheibriados
Dithmenos
Elyvilon
Fedhas
Gozag
Hepliaklqana
Kikubaaqudgha
Makhleb
Nemelex Xobeh
Okawaru
Qazlal
Ru
Sif Muna
Vehumet
Wu Jian
Xom
Yredelemnul
Zin
The Shining One
Jiyva

Shops:
D:5 *   Shoals:2 [   Snake:3 =}=

Annotations:
D:3 2 runed translucent doors, srslyguys's ghost, amateur OpAs
D:4 exclusion: door
Lair:1 exclusion: oklob plant
Lair:3 exclusion: oklob plant
Lair:5 1 runed translucent door
Shoals:2 Nikola


Innate Abilities, Weirdness & Mutations

You are resistant to damage.
You can heal yourself by infusing magical energy.
You resist negative energy. (rN+)
You passively map the area around you.
You do not regenerate.
You are mostly covered in slimy green scales. (AC +3)
Your skin changes colour to match your surroundings (Stealth+).
Your magical capacity is low. (-10% MP)


Message History

The lightning arc hits you!!
The lightning arc hits Nikola!
The lightning arc hits you!!
* * * LOW HITPOINT WARNING * * *
The lightning arc hits Nikola.
The lightning arc hits you!!
* * * LOW HITPOINT WARNING * * *
You hit Nikola. You drain Nikola.
Nikola is heavily wounded.
Nikola hits you with a +2 rapier of electrocution!
* * * LOW HITPOINT WARNING * * *
You are electrocuted!
* * * LOW HITPOINT WARNING * * *
You are too injured to fight recklessly!
You are too injured to fight recklessly!
You feel much better.
Nikola casts a spell.
You hear a mighty clap of thunder!
The lightning arc hits you!!
* * * LOW HITPOINT WARNING * * *
The lightning arc hits Nikola.
The lightning arc hits you!!
You die...

≈≈ ≈ * #. ≈≈≈ ≈≈≈≈..?
.≈≈≈ , #. ≈ ≈≈ ≈≈≈....*
#.≈≈≈≈≈ , #. ≈
≈≈≈≈...###..≈≈≈≈≈ ,, ##.
≈ ..≈≈(......≈≈≈≈≈≈/,
##.. ≈ ≈
...........≈≈≈≈≈≈. #...
......(..?.≈≈≈≈≈. ##...
,,,
......@..≈≈≈≈≈≈..,,#....
, , #(@.≈≈≈≈≈######....
* ##...≈≈≈≈≈≈≈≈....... ,
, #....†)≈≈≈≈≈≈......) ≈
, , *
##...))(((.)($...... ,
##.###...##.≈####.≈ ,
### #..)#.))†.≈..≈
###.)...≈≈≈≈≈≈≈≈ , *
#...(.)..≈≈≈≈≈≈≈ , ≈ , *
#.≈≈†..#..≈≈≈≈≈≈≈


You could see Nikola.

Vanquished Creatures
  3 nagarajas (Snake:4)
  A merfolk impaler (Shoals:1)
  A fire dragon (Lair:6)
  Harold (D:8)
  10 naga warriors
  Fannar (Lair:1)
  7 hydras
  A merfolk avatar (Shoals:1)
  7 anacondas
  6 merfolk aquamancers
  A satyr (Shoals:2)
  12 naga sharpshooters
  5 shock serpents
  Nergalle (Lair:2)
  A salamander mystic (Snake:1)
  The ghost of bmj180 the Conjurer, a novice DrCj of Vehumet (D:7)
  A fire crab (Lair:6)
  The ghost of MisterFreud the Skirmisher, a novice FoAK of Lugonu (D:7)
  4 sea snakes (Shoals:1)
  The ghost of Katabasis the Ogre Mage, a novice OgWz of Sif Muna (D:7)
  3 naga ritualists
  The ghost of Flugslaktarn the Chopper, a novice MiFi of Makhleb (D:7)
  4 harpies (Shoals:2)
  6 mana vipers
  A cyclops (Shoals:1)
  2 merfolk sirens
  3 manticores
  5 salamanders
  Maurice (D:10)
  13 elephants
  A water nymph (Shoals:1)
  3 molten gargoyles (Lair:6)
  27 black mambas
  15 naga magi
  2 guardian serpents
  A torpor snail (Lair:5)
  11 spiny frogs
  2 rime drakes
  2 centaur skeletons (D:11)
  7 komodo dragons
  9 merfolk
  A troll (D:11)
  12 hippogriffs
  A hornet (D:9)
  3 snapping turtles
  A wind drake (Shoals:2)
  10 blink frogs
  11 dream sheep
  Sigmund (D:4)
  2 water elementals (Shoals:1)
  42 yaks
  2 wyverns
  Eustachio (D:4)
  8 basilisks
  A steam dragon (Lair:6)
  21 nagas
  8 water moccasins
  2 hell hounds (Lair:6)
  4 ice beasts
  2 orc warriors (D:9)
  11 porcupines
  3 sky beasts
  A phantom (D:11)
  A black bear (D:7)
  9 ogres
  4 centaurs
  3 big kobolds (D:9)
  12 crocodiles
  15 bullfrogs
  A gnoll sergeant (D:8)
  A wyvern skeleton (D:9)
  4 scorpions
  8 killer bees
  A howler monkey (D:6)
  A centaur zombie (D:11)
  2 electric eels (Lair:1)
  6 crimson imps
  2 bullfrog zombies
  3 lava snakes (Lair:6)
  A quasit (D:6)
  2 hounds
  3 orc priests
  5 orc wizards
  2 bullfrog skeletons
  6 worker ants
  3 iguanas
  2 hound skeletons
  4 gnolls
  12 adders
  A shadow imp (D:11)
  2 adder skeletons
  An adder zombie (D:7)
  3 worms
  3 leopard geckos
  45 orcs
  6 giant cockroaches
  2 goblins (D:3)
  3 hobgoblins (D:1)
  8 jackals
  9 quokkas
  A ball python (D:4)
  5 bats
  5 frilled lizards
  9 kobolds
  4 rats
  5 fungi
  3 plants
561 creatures vanquished.

Vanquished Creatures (collateral kills)
  3 naga warriors (Snake:4)
  2 hydras (Lair:6)
  A naga sharpshooter (Snake:4)
  A naga ritualist (Snake:4)
  6 naga magi (Snake:4)
  4 nagas (Snake:4)
  A hell hound (Lair:6)
  A lava snake (Lair:6)
19 creatures vanquished.

Vanquished Creatures (others)
  A kraken (D:1)
  A merfolk aquamancer (Shoals:2)
  3 naga sharpshooters (Snake:4)
  2 fauns (Shoals:2)
  An octopode (D:1)
  A black mamba (Snake:1)
  2 gargoyles (D:1)
  A troll (D:1)
  4 formicids (D:1)
  A spriggan (D:1)
  3 nagas
  A centaur (D:1)
  2 mummies (D:1)
  An orc (D:4)
  A giant cockroach (D:4)
  A kobold (D:1)
  7 fungi
  5 plants
  17 tentacles (D:1)
  A withered plant (D:7)
56 creatures vanquished.

Grand Total: 636 creatures vanquished

Notes
Turn   | Place    | Note
-------+----------+-------------------------------------------
     0 | D:1      | Flugslaktarn the Deep Dwarf Fighter began the quest for the
                  | Orb.
     0 | D:1      | Reached XP level 1. HP: 20/20 MP: 1/1
     3 | D:1      | Killed a gargoyle
     5 | D:1      | Noticed a troll
     5 | D:1      | Noticed a spriggan
     5 | D:1      | Noticed a formicid
     5 | D:1      | Noticed a formicid
     5 | D:1      | Noticed a kraken
     5 | D:1      | Noticed a gargoyle
     5 | D:1      | Noticed a formicid
     5 | D:1      | Noticed a naga
     5 | D:1      | Noticed a ghoul
     5 | D:1      | Noticed a centaur
     5 | D:1      | Noticed an octopode
     5 | D:1      | Noticed a formicid
     6 | D:1      | Killed a formicid
     9 | D:1      | Killed a centaur
    10 | D:1      | Killed a troll
    10 | D:1      | Killed a formicid
    10 | D:1      | Killed an octopode
    13 | D:1      | Killed a formicid
    13 | D:1      | Killed a gargoyle
    15 | D:1      | Killed a spriggan
    21 | D:1      | Killed a formicid
    22 | D:1      | Killed a naga
    26 | D:1      | Killed a kraken
    68 | D:1      | Reached XP level 2. HP: 21/27 MP: 2/2
   173 | D:2      | Reached skill level 3 in Axes
   173 | D:2      | Reached XP level 3. HP: 21/33 MP: 3/3
   191 | D:2      | Found a shattered altar of Ashenzari.
   211 | D:2      | Found a sparkling altar of Nemelex Xobeh.
   237 | D:2      | Noticed a scorpion
   259 | D:2      | Killed a scorpion
   259 | D:2      | Reached XP level 4. HP: 32/42 MP: 4/4
   561 | D:2      | Found a glowing silver altar of Zin.
   849 | D:3      | Found a runed translucent gate.
   849 | D:3      | Found a runed translucent gate.
   850 | D:3      | Noticed srslyguys's ghost (amateur OpAs)
   900 | D:3      | Reached skill level 4 in Axes
   900 | D:3      | Reached XP level 5. HP: 36/49 MP: 4/4
   984 | D:3      | Found a sacrificial altar of Ru.
  1044 | D:4      | Noticed an ogre
  1053 | D:4      | Killed an ogre
  1124 | D:4      | Reached XP level 6. HP: 57/57 MP: 5/5
  1125 | D:4      | Found a shimmering altar of Xom.
  1136 | D:4      | Reached skill level 5 in Axes
  1171 | D:4      | Noticed Eustachio
  1224 | D:4      | Killed Eustachio
  1224 | D:4      | Reached skill level 5 in Armour
  1224 | D:4      | Reached skill level 5 in Shields
  1224 | D:4      | Reached XP level 7. HP: 60/64 MP: 4/4
  1266 | D:4      | Found a shimmering blue altar of Sif Muna.
  1490 | D:4      | Got a jewelled chain mail
  1501 | D:4      | Identified the +10 chain mail "Awyorph" {rPois Regen+ Str-3
                  | Int+2} (You found it on level 4 of the Dungeon)
  1810 | D:4      | Noticed Sigmund
  1845 | D:4      | Killed Sigmund
  1845 | D:4      | Reached skill level 6 in Axes
  2069 | D:5      | Entered Level 5 of the Dungeon
  2523 | D:5      | Reached XP level 8. HP: 60/73 MP: 5/5
  2553 | D:5      | Found a snail-covered altar of Cheibriados.
  2642 | D:5      | Gained mutation: You are partially covered in slimy green
                  | scales. (AC +2) [potion of mutation]
  2642 | D:5      | Gained mutation: Your magical capacity is low. (-10% MP)
                  | [potion of mutation]
  2642 | D:5      | Gained mutation: Your skin changes colour to match your
                  | surroundings (Stealth+). [potion of mutation]
  2642 | D:5      | Gained mutation: You are mostly covered in slimy green
                  | scales. (AC +3) [potion of mutation]
  2755 | D:5      | Found Ieotyhel's Incredible Inventory.
  2765 | D:5      | Reached skill level 7 in Axes
  3076 | D:6      | Got a bloodstained chain mail
  3109 | D:6      | Found a basalt altar of Yredelemnul.
  3222 | D:6      | Reached skill level 5 in Fighting
  3248 | D:6      | Reached skill level 8 in Axes
  3462 | D:6      | Found an iron altar of Okawaru.
  3904 | D:7      | Noticed a hippogriff
  3916 | D:7      | Killed a hippogriff
  3916 | D:7      | Gained mutation: You passively map the area around you.
                  | [Deep Dwarf growth]
  3916 | D:7      | Reached XP level 9. HP: 69/81 MP: 5/5
  3972 | D:7      | Identified the +8 chain mail "Yrejelah" {MR+ rCorr Dex+2}
                  | (You found it on level 6 of the Dungeon)
  4012 | D:7      | Found a shimmering blue altar of Sif Muna.
  4060 | D:7      | Found an ornate altar of the Wu Jian Council.
  4151 | D:7      | Found a runed translucent gate.
  4151 | D:7      | Found a runed translucent gate.
  4151 | D:7      | Found a runed translucent gate.
  4153 | D:7      | Noticed Flugslaktarn's ghost (novice MiFi)
  4153 | D:7      | Noticed MisterFreud's ghost (novice FoAK)
  4154 | D:7      | Noticed bmj180's ghost (novice DrCj)
  4154 | D:7      | Noticed Katabasis's ghost (novice OgWz)
  4196 | D:7      | Found a staircase to the Ecumenical Temple.
  4213 | Temple   | Entered the Ecumenical Temple
  4326 | Temple   | Became a worshipper of Makhleb the Destroyer
  4540 | D:7      | Found a stormy altar of Qazlal.
  4587 | D:7      | Killed bmj180's ghost
  4587 | D:7      | Reached skill level 9 in Axes
  4608 | D:7      | Killed MisterFreud's ghost
  4626 | D:7      | Killed Katabasis's ghost
  4653 | D:7      | Killed Flugslaktarn's ghost
  4653 | D:7      | Reached skill level 10 in Axes
  4653 | D:7      | Reached XP level 10. HP: 60/92 MP: 6/7
  4813 | D:8      | Found a sparkling altar of Nemelex Xobeh.
  4820 | D:8      | Found an iron altar of Okawaru.
  5142 | D:8      | Noticed Harold
  5177 | D:8      | Killed Harold
  5177 | D:8      | Reached skill level 5 in Invocations
  5364 | D:8      | Reached * piety under Makhleb
  5549 | D:9      | Noticed a manticore
  5549 | D:9      | Noticed a four-headed hydra
  5550 | D:9      | Noticed a deep elf mage
  5551 | D:9      | Noticed a gargoyle
  5590 | D:9      | Reached skill level 11 in Axes
  5615 | D:9      | Noticed a three-headed hydra
  5627 | D:9      | Killed a one-headed hydra
  5628 | D:9      | Reached XP level 11. HP: 70/100 MP: 10/10
  5792 | D:9      | Reached ** piety under Makhleb
  6146 | D:10     | Entered Level 10 of the Dungeon
  6217 | D:10     | Noticed Maurice
  6235 | D:10     | Killed Maurice
  7371 | D:11     | Reached skill level 1 in Evocations
  7404 | D:11     | Reached *** piety under Makhleb
  7475 | D:11     | Reached skill level 12 in Axes
  7483 | D:11     | Found a staircase to the Lair.
  7804 | D:11     | Found a shimmering blue altar of Sif Muna.
  8197 | D:11     | Noticed an eight-headed hydra
  8216 | D:11     | Killed a three-headed hydra
  8461 | Lair:1   | Entered Level 1 of the Lair of Beasts
  8472 | Lair:1   | Noticed a four-headed hydra
  8485 | Lair:1   | Killed a one-headed hydra
  8552 | Lair:1   | Reached **** piety under Makhleb
  8601 | Lair:1   | Noticed an oklob plant
  8804 | Lair:1   | Reached XP level 12. HP: 68/111 MP: 10/10
  9105 | Lair:1   | Reached skill level 13 in Axes
  9141 | Lair:1   | Reached skill level 5 in Evocations
  9149 | Lair:1   | Noticed Fannar
  9184 | Lair:1   | Killed Fannar
  9184 | Lair:1   | Reached skill level 10 in Armour
  9184 | Lair:1   | Reached skill level 10 in Shields
  9800 | Lair:2   | Noticed Nergalle
  9837 | Lair:2   | Killed Nergalle
 10007 | Lair:2   | Found a staircase to the Shoals.
 10393 | Lair:3   | Noticed an eight-headed hydra
 10412 | Lair:3   | Killed a one-headed hydra
 10438 | Lair:3   | Found a staircase to the Snake Pit.
 10463 | Lair:3   | Reached skill level 14 in Axes
 10489 | Lair:3   | Reached ***** piety under Makhleb
 10720 | Lair:3   | Reached XP level 13. HP: 121/121 MP: 9/9
 11538 | Lair:4   | Found a frozen archway.
 11547 | Lair:4   | Found a stormy altar of Qazlal.
 12039 | Lair:4   | Got a pair of pitted gloves
 12045 | Lair:4   | Identified the cursed +0 pair of gloves of Setz {Str+4}
                  | (You found it on level 4 of the Lair of Beasts)
 12476 | Lair:5   | Found a runed translucent door.
 12476 | Lair:5   | Found a viscous altar of Jiyva.
 12477 | Lair:5   | Found a staircase to the Slime Pits.
 12641 | Lair:5   | Reached skill level 15 in Axes
 13239 | Snake:1  | Entered Level 1 of the Snake Pit
 13293 | Lair:6   | Entered Level 6 of the Lair of Beasts
 13456 | Lair:6   | Reached skill level 10 in Fighting
 13671 | Lair:6   | Gained mutation: You resist negative energy. (rN+) [Deep
                  | Dwarf growth]
 13671 | Lair:6   | Reached XP level 14. HP: 110/132 MP: 9/9
 13730 | Lair:6   | Found a large runed translucent door.
 13731 | Lair:6   | Found a large runed translucent door.
 14382 | Snake:1  | Reached skill level 16 in Axes
 14973 | Snake:1  | Reached ****** piety under Makhleb
 15446 | Snake:2  | Reached skill level 10 in Invocations
 15573 | Snake:3  | Found Wiov Bim's Jewellery Shop.
 15573 | Snake:3  | Found Dafed's Gadget Shoppe.
 15574 | Snake:3  | Found Worhovoh's Jewellery Shop.
 15584 | Snake:3  | Bought a +5 ring of strength for 659 gold pieces
 15619 | Snake:4  | Entered Level 4 of the Snake Pit
 15629 | Snake:4  | Reached XP level 15. HP: 120/140 MP: 10/10
 15789 | Snake:4  | Reached skill level 17 in Axes
 16092 | Snake:4  | Noticed a nagaraja
 16100 | Snake:4  | Noticed a nagaraja
 16106 | Snake:4  | Killed a nagaraja
 16122 | Snake:4  | Killed a nagaraja
 16165 | Snake:4  | Noticed a nagaraja
 16179 | Snake:4  | Killed a nagaraja
 16184 | Snake:4  | Got a serpentine rune of Zot
 16330 | Shoals:1 | Entered Level 1 of the Shoals
 16831 | Shoals:2 | Reached skill level 18 in Axes
 16849 | Shoals:2 | Found Moggun's Armour Shop.
 16866 | Shoals:2 | Reached XP level 16. HP: 137/152 MP: 9/9
 16914 | Shoals:2 | Noticed Nikola
 16966 | Shoals:2 | Killed from afar by Nikola

Levels and vault maps discovered:
D:1:      nicolae_arrival_kraken_aquarium_b, layout_basic
D:2:      layout_loops_corners, nicolae_ashenzari_panopticon, zin_treasury,
          chequers_ecumenical_altar_simple_redux,
          nemelex_xobeh_ov_fountains_minmay
D:3:      layout_rooms, marbit_many_paths, gammafunk_temple_overflow_elements,
          ebering_ghost_rock_garden
D:4:      layout_basic, led_sif_book, xom_confusion_cloud, lemuel_old_faithful,
          uniq_sigmund, uniq_eustachio
D:5:      layout_gridville, kennysheep_mini_moat, first_ration,
          nicolae_alphabet_shops
D:6:      layout_basic, lemuel_round_altar, basic_altar,
          hangedman_abyss_or_decor_lesser_grid
D:7:      layout_cave_pools, lemuel_coloured_pillars_altar,
          kennysheep_little_box, temple_hall, basic_altar,
          gammafunk_ghost_cemetery
D:8:      layout_loops_ring, minitemple, kennysheep_generic_room_2, uniq_harold
D:9:      layout_roguey, special_room [special_room_orc], hangedman_ranch
          [blue_anna_fruit_fields], minivault_12
D:10:     layout_layer_cave, uniq_maurice
D:11:     layout_stronghold, minmay_lair_entry_grove, basic_altar
Temple:   nicolae_temple_figure_zero
Lair:1:   layout_regular_city, serial_rivers, chequers_serial_rivers_micro_b,
          chequers_serial_rivers_large_b, chequers_serial_rivers_small_3,
          chequers_serial_rivers_micro_e, chequers_serial_rivers_micro_d,
          nicolae_quartered_pool_medium, serial_bayou_ford_a,
          minmay_lair_oklob_items, uniq_fannar
Lair:2:   layout_chaotic_city, shoals_dummy_entry, uniq_nergalle
Lair:3:   layout_chaotic_city, guppyfry_snake_entry_island,
          minmay_lair_oklob_chamber
Lair:4:   layout_regular_city, portal_ice_cave_entry_pillars_2,
          lemuel_altar_in_water2, grunt_megastairs_5, serial_bayou_shore_b
Lair:5:   layout_cave_pods, slime_altar_2
Lair:6:   cheibrodos_lair_end_hotspot, layout_cave_pods
Shoals:1: layout_shoals
Shoals:2: layout_shoals, serial_shops, shop, nicolae_shoals_square_sea_wall,
          nicolae_shoals_aquamancer_cove, uniq_nikola
Snake:1:  layout_chambers, grunt_ministairs_5
Snake:2:  layout_basic, minmay_shoptagon, uniq_vashnia
Snake:3:  layout_gridlike, basic_altar, nicolae_large_snake_swirl,
          minmay_shop_grove
Snake:4:  snake_pit, layout_grid_shapes

Skill      XL: |  1  2  3  4  5  6  7  8  9 10 11 12 13 14 15 16 |
---------------+-------------------------------------------------+-----
Axes           | 3 4 5 6 8 10 11 12 14 15 16 18 | 18.0
Fighting       | 3 4 5 6 7 8 9 10 11 | 11.8
Shields        | 4 5 6 7 8 9 10 11 12 13 | 13.7
Armour         | 4 5 6 7 8 9 10 11 12 13 | 13.7
Invocations    | 4 6 8 10 11 12 | 12.1
Evocations     | 4 6 |  6.0

Action                   |  1- 3 |  4- 6 |  7- 9 | 10-12 | 13-15 | 16-18 || total
-------------------------+-------+-------+-------+-------+-------+-------++-------
Melee: War axe           |    49 |   159 |   323 |   151 |   891 |    67 ||  1640
       Hand axe          |       |       |       |  1004 |   375 |       ||  1379
Invok: Lesser Servant of |       |       |       |       |     2 |       ||     2
       Greater Servant o |       |       |       |       |     2 |       ||     2
 Abil: Heal Wounds       |     1 |     8 |     7 |     9 |    21 |     5 ||    51
  Use: Potion            |       |       |     3 |       |     2 |       ||     5
       Scroll            |       |       |    16 |     9 |     4 |       ||    29
 Stab: Invisible         |       |       |     2 |       |       |       ||     2
       Distracted        |       |       |       |       |     3 |       ||     3
  Eat: Chunk             |       |     1 |     8 |    18 |    21 |     1 ||    49
       Ration            |       |       |     1 |     1 |       |       ||     2
Armor: Scale mail        |    16 |   210 |     1 |       |       |       ||   227
       Chain mail        |       |       |   316 |   521 |   628 |    28 ||  1493
       Skin              |       |       |    10 |       |       |       ||    10
Dodge: Dodged            |    15 |   143 |    92 |   212 |   405 |    15 ||   882
Block: Kite shield       |    27 |   193 |   260 |   777 |  1209 |    56 ||  2522
       Reflection        |       |       |       |       |    88 |     7 ||    95

Table legend:
 A = Non-vault XP
 B = Vault XP
 C = Vault XP percentage of total XP
 D = Non-vault monster count
 E = Vault monster count
 F = Vault count percentage of total count
                 A         B        C        D         E       F
            +---------+---------+-------+---------+---------+-------
      Total |  111506 |   51342 |  31.5 |     439 |     142 |  24.4
            +---------+---------+-------+---------+---------+-------
        D:1 |      30 |       0 |   0.0 |       9 |       0 |   0.0
        D:2 |     134 |       0 |   0.0 |      17 |       0 |   0.0
        D:3 |      69 |       2 |   2.8 |      14 |       1 |   6.7
        D:4 |     310 |     594 |  65.7 |      19 |       5 |  20.8
        D:5 |     490 |       0 |   0.0 |      14 |       0 |   0.0
        D:6 |     881 |       0 |   0.0 |      19 |       0 |   0.0
        D:7 |     623 |    2914 |  82.4 |       9 |       4 |  30.8
        D:8 |    1204 |    1110 |  48.0 |      19 |       2 |   9.5
        D:9 |    1843 |    2415 |  56.7 |      22 |      33 |  60.0
       D:10 |     778 |     472 |  37.8 |      13 |       1 |   7.1
       D:11 |    3752 |    2221 |  37.2 |      30 |      13 |  30.2
     Lair:1 |    6344 |     976 |  13.3 |      27 |       1 |   3.6
     Lair:2 |    5134 |     808 |  13.6 |      17 |       1 |   5.6
     Lair:3 |    6293 |     950 |  13.1 |      22 |       7 |  24.1
     Lair:4 |    5743 |     425 |   6.9 |      20 |       1 |   4.8
     Lair:5 |    8700 |       0 |   0.0 |      26 |       0 |   0.0
     Lair:6 |    4735 |    7501 |  61.3 |      19 |      22 |  53.7
   Shoals:1 |   11929 |       0 |   0.0 |      25 |       0 |   0.0
   Shoals:2 |    5477 |    5249 |  48.9 |      13 |       6 |  31.6
    Snake:1 |   25198 |    1770 |   6.6 |      45 |       2 |   4.3
    Snake:2 |    6540 |       0 |   0.0 |      10 |       0 |   0.0
    Snake:3 |    1884 |       0 |   0.0 |       3 |       0 |   0.0
    Snake:4 |   13415 |   23935 |  64.1 |      27 |      43 |  61.4
            +---------+---------+-------+---------+---------+-------
